AoeStats
← Sir Leonhart

Pilgrims

510138841Analyzed
4v4 RM · 2d ago on Sep 29, 2026· 45m 36s· 8 players
Game mode
Random Map
Map size
Large (8 player)
Population
200
Speed
Normal
Resources
Standard
Victory
Conquest
Starting age
Dark Age
Ending age
Imperial Age
RankedLock teamsTeams togetherTeam positionsShared explorationLock speedFull tech treeHidden civsTurbo modeCheats
Victory
Defeat
🇰🇼 Saracens · Kuwait
849
+18
🇹🇷 Magyars · Türkiye
841
+18
🇷🇺 Poles · Russia
818
+19
🇩🇪 Danes · Germany
812
+19
🇪🇸 Berbers · Spain
929
-20
🇲🇽 Byzantines · Mexico
927
-19
🇨🇴 Huns · Colombia
867
-18
🇲🇽 Malay · Mexico
837
-17
ryioze
10:09 Loom
14:31 Feudal Age
15:06 Double-Bit Axe
15:26 Fishing Lines
20:15 Castle Age
18:33 Horse Collar
18:55 Stone Mining
24:17 Gold Mining
24:39 Bow Saw
27:27 Gold Shaft Mining
27:26 Bloodlines
27:16 Husbandry
27:32 Treadmill Crane
28:05 Masonry
29:01 Scale Mail Armor
29:08 Scale Barding Armor
31:01 Heavy Plow
31:05 Loom
31:29 Corvinian Army
32:12 Chain Barding Armor
32:44 Husbandry
38:07 Imperial Age
38:33 Elite Magyar Huszar
39:59 Plate Barding Armor
39:27 Recurve Bow
42:09 Two-Man Saw
42:17 Thumb Ring
42:37 Parthian Tactics
43:05 Heavy Cavalry Archer
43:55 Fletching
44:06 Padded Archer Armor
44:49 Ballistics
Sir Leonhart
6:42 Loom
15:02 Feudal Age
23:10 Castle Age
22:01 Fishing Lines
25:12 Gambesons
25:29 Squires
25:14 Arson
25:35 Scale Mail Armor
25:45 Forging
27:09 Chain Mail Armor
27:35 Wheelbarrow
26:58 Double-Bit Axe
28:26 Gillnets
30:33 Iron Casting
30:54 Fletching
34:12 Ballistics
36:08 Bodkin Arrow
40:57 Imperial Age
38:46 Hand Cart
43:50 Siege Engineers
45:00 Elite Longship
76561199137489861
6:13 Loom
14:31 Feudal Age
17:40 Gold Mining
17:42 Double-Bit Axe
21:06 Castle Age
20:11 Bloodlines
25:34 Forging
25:34 Horse Collar
31:58 Iron Casting
32:10 Heavy Plow
32:13 Fishing Lines
34:02 Bow Saw
34:03 Scale Barding Armor
35:40 Wheelbarrow
35:53 Stone Mining
36:58 Szlachta Privileges
37:58 Hand Cart
37:53 Town Watch
39:04 Stone Shaft Mining
40:15 Husbandry
43:53 Imperial Age
45:29 Chain Barding Armor
46:09 Blast Furnace
Slayer953662
12:23 Feudal Age
12:56 Double-Bit Axe
14:07 Wheelbarrow
13:44 Fishing Lines
16:43 Gold Mining
19:25 Stone Mining
22:04 Castle Age
23:32 Gold Shaft Mining
23:11 Bow Saw
24:07 Forging
24:19 Gillnets
24:49 Scale Barding Armor
26:41 Iron Casting
26:27 Chain Barding Armor
29:19 Imperial Age
28:47 Bloodlines
28:37 Husbandry
29:42 Hand Cart
31:04 Blast Furnace
32:26 Plate Barding Armor
31:42 Horse Collar
33:21 Fletching
34:15 Bodkin Arrow
34:43 Ballistics
34:33 Masonry
35:24 Chemistry
34:31 Elite Mameluke
35:19 Bracer
35:20 Padded Archer Armor
37:40 Siege Engineers
37:35 Murder Holes
38:14 Leather Archer Armor
38:01 Scale Mail Armor
42:05 Ring Archer Armor
41:51 Chain Mail Armor
43:53 Counterweights
44:45 Plate Mail Armor
McFly
4:30 Loom
13:25 Feudal Age
14:07 Double-Bit Axe
14:04 Fishing Lines
18:16 Castle Age
17:20 Scale Barding Armor
18:10 Bloodlines
20:17 Gold Mining
21:50 Fletching
22:11 Forging
22:22 Chain Barding Armor
25:00 Wheelbarrow
27:31 Hand Cart
27:35 Stone Mining
29:10 Gold Shaft Mining
32:56 Bow Saw
33:32 Town Watch
33:46 Elite Skirmisher
37:28 Husbandry
38:10 Iron Casting
41:41 Imperial Age
41:30 Bodkin Arrow
42:35 Heavy Camel Rider
Silicio14Si
14:58 Feudal Age
15:08 Loom
21:51 Castle Age
20:54 Horse Collar
21:01 Double-Bit Axe
25:47 Wheelbarrow
26:19 Forging
26:50 Fletching
31:29 Imperial Age
30:25 Scale Barding Armor
33:57 Pikeman
38:27 Scale Mail Armor
38:54 Crossbowman
43:04 Chain Mail Armor
44:30 Plate Mail Armor
44:36 Iron Casting
XxRauwAlejandroxX
7:53 Loom
18:19 Feudal Age
18:48 Wheelbarrow
18:04 Double-Bit Axe
18:11 Gold Mining
20:30 Stone Mining
21:47 Forging
25:25 Castle Age
23:30 Fishing Lines
25:31 Hand Cart
25:45 Gillnets
28:04 Iron Casting
28:56 Squires
28:43 Arson
29:46 Thalassocracy
29:42 Fletching
29:53 Padded Archer Armor
35:52 Ballistics
35:14 Treadmill Crane
37:19 Medium Warships
40:03 Bow Saw
39:36 Horse Collar
42:05 Scale Barding Armor
42:52 Gold Shaft Mining
RAOV
26:24 Feudal Age
24:40 Loom
27:05 Man-at-Arms
30:39 Forging
30:29 Scale Mail Armor
33:46 Castle Age
Connection lost

Rejoining the realm…

Still unreachable

The connection could not be restored.

Session expired

The server has moved on; the page needs a fresh start.